 Dungeon Crawl Stone Soup version 0.22.0-18-ge075c0de6d (webtiles) character file.

205 CrazyKiwi the Ducker (level 5, -1/42 HPs)
             Began as a Demonspawn Monk on Aug 18, 2018.
             Slain by Grinder (6 damage)
             ... while paralysed by Grinder
             ... on level 3 of the Dungeon.
             The game lasted 00:07:51 (3065 turns).

CrazyKiwi the Ducker (Demonspawn Monk)              Turns: 3065, Time: 00:07:52

Health: -1/42      AC:  3    Str: 11    XL:     5   Next: 53%
Magic:  5/5        EV:  2    Int: 12    God:
Gold:   133        SH:  0    Dex: 16    Spells: 4/4 levels left

rFire    . . .     SeeInvis .   a - +1 short sword (speed)
rCold    . . .     Gourm    .   (no shield)
rNeg     . . .     Faith    .   b - +0 robe
rPois    .         Spirit   .   (helmet restricted)
rElec    .         Reflect  .   e - +0 cloak
rCorr    .         Harm     .   (no gloves)
MR       .....                  (no boots)
Stlth    ++........             (no amulet)
HPRegen  0.14/turn              (no ring)
MPRegen  0.09/turn              (no ring)

@: paralysed
A: horns 1, demonic guardian 1
a: no special abilities


You were on level 3 of the Dungeon.
You were not hungry.

You visited 1 branch of the dungeon, and saw 3 of its levels.

You collected 133 gold pieces.

Inventory:

Hand Weapons
 a - a +1 short sword of speed (weapon)
 f - a +0 hunting sling
 j - a +0 dagger
 l - a +0 falchion
 p - a +0 dagger
 s - a +2 vampiric hand axe
 v - a cursed -1 dagger
 y - a +0 long sword
Missiles
 g - 97 stones (quivered)
 t - 16 arrows
Armour
 b - a +0 robe (worn)
 e - a +0 cloak (worn)
 q - a +0 leather armour
 u - a +0 helmet
 w - a +2 robe of fire resistance
 z - a +0 pair of gloves
Jewellery
 h - an uncursed ring of magical power {unknown}
Scrolls
 d - 2 scrolls of identify {unknown}
 k - 2 scrolls of fear {unknown}
 m - a scroll of teleportation {unknown}
 n - a scroll of fog {unknown}
Potions
 i - a potion of might {unknown}
 o - a potion of resistance {unknown}
 r - a potion of agility {unknown}
 x - a potion of berserk rage {unknown}
Comestibles
 c - 6 rations


   Skills:
 + Level 3.7 Fighting
 + Level 2.6(3.3) Short Blades
 + Level 3.0(3.5) Long Blades
 + Level 0.3 Throwing
 + Level 3.8 Dodging
 + Level 2.5 Stealth


You had 4 spell levels left.
You didn't know any spells.
Your spell library contained the following spells:

 Spells                   Type           Power        Failure   Level  Hunger
 Animate Skeleton         Necr           N/A          32%         1    ##.....
 Apportation              Tloc           #.....       32%         1    ##.....
 Confusing Touch          Hex            #.....       32%         1    ##.....
 Summon Small Mammal      Summ           #...         32%         1    ##.....


Dungeon Overview and Level Annotations

Branches:
Dungeon (3/15)

Altars:
Xom

Annotations:
D:3 Grinder


Innate Abilities, Weirdness & Mutations

You have a pair of small horns on your head.
A weak demonic guardian rushes to your aid.


Message History

Grinder is lightly wounded.
Your shadow imp hits Grinder.
You hit Grinder.
Grinder is moderately wounded.
Grinder gestures at you.
You suddenly lose the ability to move!
Your shadow imp hits Grinder.
Your shadow imp hits Grinder.
Grinder hits you.
You writhe in agony.
Your shadow imp hits Grinder.
Your shadow imp disappears in a puff of smoke!
A giant cockroach comes into view.
Grinder hits you!
You writhe in agony.
Your shadow imp barely misses Grinder.
Grinder hits you.
Your shadow imp hits Grinder but does no damage.
Grinder hits you.
You writhe in agony.
* * * LOW HITPOINT WARNING * * *
Your shadow imp hits Grinder.
Grinder hits you!
* * * LOW HITPOINT WARNING * * *
You writhe in agony.
You die...

..#.. ..# #.#.# #.#
#.#.#.# #.# #.#.#.# #.#
#.#.#.# #.#########
#.#.#.###.......... ####
#...........#####..
....###...#.###)..#
..........#.# #@§5#
..........#.###.5§.....
..........#.......(....
####+###...#..###s..(...
...........#..# #.......
###...##...#..# #.....(.
#...##...<..# ...###.
#.................#
####.............


You could see Grinder, a giant cockroach and a friendly shadow imp.

Vanquished Creatures
  A howler monkey (D:2)
  Terence (D:2)
  Natasha (D:2)
  An adder (D:2)
  An ooze (D:1)
  A worm (D:2)
  2 dart slugs (D:1)
  A leopard gecko (D:2)
  A ball python (D:1)
  4 giant cockroaches
  9 hobgoblins
  10 jackals
  5 bats
  A frilled lizard (D:1)
  7 goblins
  8 kobolds
  3 rats
57 creatures vanquished.

Vanquished Creatures (collateral kills)
  Natasha (twice) (D:2)
  A leopard gecko (D:2)
  An orc (D:3)
  A frilled lizard (D:3)
5 creatures vanquished.

Grand Total: 62 creatures vanquished

Notes
Turn   | Place    | Note
-------+----------+-------------------------------------------
     0 | D:1      | CrazyKiwi the Demonspawn Monk began the quest for the Orb.
     0 | D:1      | Reached XP level 1. HP: 18/18 MP: 1/1
   147 | D:1      | Gained mutation: A weak demonic guardian rushes to your aid. [demonic ancestry]
   147 | D:1      | Reached XP level 2. HP: 9/24 MP: 2/2
  1144 | D:1      | Reached XP level 3. HP: 20/29 MP: 3/3
  1686 | D:2      | Noticed Natasha
  1712 | D:2      | Killed Natasha
  1723 | D:2      | Noticed Natasha
  2005 | D:2      | Killed Natasha
  2005 | D:2      | Reached skill level 1 in Short Blades
  2005 | D:2      | Gained mutation: You have a pair of small horns on your head. [demonic ancestry]
  2005 | D:2      | Reached XP level 4. HP: 29/35 MP: 4/4
  2247 | D:2      | Noticed Terence
  2276 | D:2      | Killed Terence
  2276 | D:2      | Reached XP level 5. HP: 18/42 MP: 5/5
  2581 | D:2      | Noticed Natasha
  2633 | D:2      | Killed Natasha
  2796 | D:2      | Found a shimmering altar of Xom.
  3032 | D:3      | Noticed Grinder
  3060 | D:3      | Paralysed by Grinder for 6 turns
  3065 | D:3      | Slain by Grinder

Skill      XL: |  1  2  3  4 |
---------------+-------------+-----
Long Blades    | 3 |  3.0
Stealth        | 2 |  2.5
Dodging        | 3 |  3.8
Short Blades   | 1 2 |  2.6
Fighting       | |  3.7
Throwing       | |  0.3

Action                   |  1- 3 |  4- 6 || total
-------------------------+-------+-------++-------
Melee: Falchion          |    68 |       ||    68
       Short sword       |    70 |    67 ||   137
       Headbutt          |       |     7 ||     7
Throw: Stone             |     4 |     9 ||    13
  Use: Potion            |     2 |       ||     2
 Stab: Sleeping          |     5 |     3 ||     8
  Eat: Chunk             |     3 |     4 ||     7
Armor: Robe              |    29 |     5 ||    34
Dodge: Dodged            |   113 |    29 ||   142
       Rpst.: Falchion   |    12 |       ||    12
